 Dungeon Crawl Stone Soup version 0.18-a0-1800-gdc7a371 (webtiles) character file.

2265 Chen the Covert (level 9, -12/70 HPs)
             Began as a Naga Enchanter on Apr 22, 2016.
             Was an Initiate of Makhleb.
             Engulfed by a cloud of flame (34 damage)
             ... on level 7 of the Dungeon on Apr 25, 2016.
             The game lasted 03:20:24 (12002 turns).

Chen the Covert (Naga Enchanter)                   Turns: 12002, Time: 03:20:25

Health: -12/70     AC:  8    Str: 11    XL:     9   Next: 38%
Magic:  1/12       EV:  8    Int: 17    God:    Makhleb [......]
Gold:   126        SH:  8    Dex: 13    Spells: 4 memorised, 3 levels left

rFire  x . .     SeeInvis +     a - +1 dagger
rCold  + . .     Gourm    .     b - +1 robe
rNeg   . . .     Faith    .     D - +0 shield
rPois  +         Spirit   .     (no helmet)
rElec  .         Dismiss  .     F - +1 cloak
rCorr  +         Reflect  .     j - +0 pair of gloves
SustAt .         Harm     .     (no barding)
MR     +....                    (no amulet)
Stlth  +++++.....               B - ring of ice
                                h - ring of resist corrosion

@: very slow, somewhat resistant to hostile enchantments, quite stealthy
A: see invisible, deformed body, poison resistance, slowness 2, slow metabolism
1, spit poison 2, AC +3
a: Spit Poison, Renounce Religion


You were on level 7 of the Dungeon.
You worshipped Makhleb.
Makhleb was noncommittal.
You were hungry.

You visited 2 branches of the dungeon, and saw 8 of its levels.

You collected 315 gold pieces.
You spent 189 gold pieces at shops.

Inventory:

Hand Weapons
 a - a +1 dagger (weapon)
 q - a +3 whip
 y - a +2 quarterstaff of chaos
 G - a +2 dagger of venom
Missiles
 e - 213 stones
 p - 3 javelins (quivered)
 z - 3 javelins of returning
 J - 6 tomahawks of returning
Armour
 b - a +1 robe (worn)
 j - a +0 pair of gloves (worn)
 n - a +0 pair of gloves
 v - a +2 chain mail of cold resistance
 D - a +0 shield (worn)
 F - a +1 cloak (worn)
Jewellery
 h - a ring of resist corrosion (left hand)
 B - a ring of ice (right hand)
Scrolls
 l - 2 scrolls of recharging {unknown}
 r - a scroll of amnesia
 s - a scroll of brand weapon {unknown}
 u - a scroll of remove curse
 x - a scroll of magic mapping {unknown}
 K - a scroll of fear
Potions
 k - a potion of haste
 o - 2 potions of invisibility
 t - a potion of cancellation
 w - a potion of flight
 A - a potion of berserk rage
 I - a potion of might {unknown}
Books
 c - a book of Maledictions

   Spells                             Type                      Level
   a - Corona                         Hexes                        1
   b - Ensorcelled Hibernation        Hexes/Ice                    2
   c - Confuse                        Hexes                        3
   d - Tukima's Dance                 Hexes                        3
   e - Dazzling Spray                 Conjuration/Hexes            3
 g - a book of Unlife

   Spells                             Type                      Level
   a - Recall                         Summoning/Translocation      3
   b - Animate Dead                   Necromancy                   4
   c - Control Undead                 Necromancy                   4
   d - Cigotuvi's Embrace             Necromancy                   5
   e - Death Channel                  Necromancy                   6
   f - Simulacrum                     Ice/Necromancy               6
Comestibles
 d - 2 bread rations
 f - a slice of pizza
 m - 2 meat rations
 H - a royal jelly


   Skills:
 - Level 1.2 Fighting
 + Level 7.5 Short Blades
 - Level 1.0 Throwing
 - Level 1.9 Dodging
 + Level 9.7 Stealth
 * Level 2.6 Shields
 - Level 2.2 Spellcasting
 + Level 6.5 Hexes
 - Level 2.2 Ice Magic


You had 3 spell levels left.
You knew the following spells:

 Your Spells              Type           Power        Failure   Level  Hunger
a - Corona                Hex            ###....      6%          1    #......
b - Ensorcelled Hibernat  Hex/Ice        ####..       21%         2    ###....
c - Confuse               Hex            ###.....     17%         3    ###....
d - Tukima's Dance        Hex            ###.....     17%         3    ###....


Dungeon Overview and Level Annotations

Branches:
Dungeon (7/15)             Temple (1/1) D:6

Altars:
Ashenzari
Dithmenos
Fedhas
Gozag
Makhleb
Nemelex Xobeh
Okawaru
Qazlal
Ru
Trog
Vehumet
Xom
Yredelemnul
Zin

Shops:
D:4 *%[

Annotations:
D:4 exclusion: ogre, Pikel


Innate Abilities, Weirdness & Mutations

You cannot wear boots.
Your serpentine skin is tough (AC +3).
You have supernaturally acute eyesight.
Armour fits poorly on your strangely shaped body.
Your system is resistant to poisons.
You cover ground very slowly.
You have a slow metabolism.
You can spit poison.


Message History

You feel slightly more hungry. You block the worker ant's attack.
The orc warrior hits you from afar with a trident.
An orc comes into view. It is wielding a flail.
As you read the scroll of immolation, it crumbles to dust.
The creatures around you are filled with an inner flame!
The worker ant explodes!
The fiery explosion engulfs you! The fire burns you terribly!
* * * LOW HITPOINT WARNING * * *
Makhleb accepts your kill. You block the orc warrior's attack.
The orc priest shouts!
The orc shouts!
Read which item? (? for menu, Esc to quit)
As you read the scroll of fog, it crumbles to dust.
The scroll dissolves into smoke.
You are engulfed in roaring flames.
* * * LOW HITPOINT WARNING * * *
You have got your breath back.
You block the orc warrior's attack.
Drink which item? (? for menu, Esc to quit)
You feel much better.
You are engulfed in roaring flames.
You die...

#................
#................
##.....####......
#.....####....(.
#.(.............
#...o.#####.##.. #.....#
#..###
#%#######o(...#####...#
#....§§@§o§5((........##
################...#...#
##...###... ##..........
#...#.).).#.
#..##.._..##
#...#.).).#.
#...........
##.#...###...


You could see an orc warrior (inner flame) and an orc priest (inner flame).

Vanquished Creatures
  Prince Ribbit (D:4)
  A hippogriff (D:7)
  4 slaves
  An ice beast (D:7)
  An ogre (D:6)
  2 centaurs (D:6)
  A big kobold (D:7)
  A gnoll sergeant (D:5)
  2 scorpions
  2 howler monkeys
  2 crimson imps
  A jelly (D:6)
  A centaur skeleton (D:5)
  A gnoll shaman (D:4)
  A giant frog skeleton (D:6)
  An orc priest (D:4)
  3 hounds
  Crazy Yiuf (D:4)
  3 orc wizards
  Ijyb (D:2)
  2 iguanas
  Natasha (thrice) (D:3)
  4 worker ants
  A hound skeleton (D:5)
  A worker ant zombie (D:5)
  8 gnolls
  22 adders
  2 shadow imps
  An adder zombie (D:6)
  3 adder skeletons (D:4)
  3 worms (D:2)
  2 dart slugs
  6 giant geckos
  17 orcs
  3 ball pythons
  7 giant cockroaches
  14 goblins
  7 hobgoblins
  15 jackals
  13 kobolds
  4 quokkas
  8 bats
  3 giant newts
  A jackal zombie (D:7)
  A quokka skeleton (D:4)
  A quokka zombie (D:5)
  9 rats
192 creatures vanquished.

Vanquished Creatures (collateral kills)
  Eustachio (D:5)
  A gnoll (D:6)
  An orc (D:6)
3 creatures vanquished.

Grand Total: 195 creatures vanquished

Notes
Turn   | Place    | Note
--------------------------------------------------------------
     0 | D:1      | Chen the Naga Enchanter began the quest for the Orb.
     0 | D:1      | Reached XP level 1. HP: 15/15 MP: 3/3
   333 | D:1      | Reached XP level 2. HP: 21/24 MP: 3/5
   426 | D:1      | HP: 1/24 [jackal (1)]
  1002 | D:1      | Reached skill level 5 in Stealth
  1010 | D:1      | Reached XP level 3. HP: 15/30 MP: 2/6
  1345 | D:1      | Upgraded the game from 0.18-a0-1792-g362e38b to 0.18-a0-1800-gdc7a371
  1452 | D:1      | Reached skill level 1 in Fighting
  1652 | D:1      | Learned a level 2 spell: Ensorcelled Hibernation
  2112 | D:2      | Reached XP level 4. HP: 33/38 MP: 7/7
  2489 | D:2      | Noticed Ijyb
  2690 | D:2      | Killed Ijyb
  2998 | D:2      | Reached XP level 5. HP: 38/44 MP: 8/8
  3173 | D:2      | Reached skill level 6 in Stealth
  3296 | D:2      | Reached skill level 1 in Ice Magic
  4055 | D:3      | Noticed Natasha
  4062 | D:3      | Killed Natasha
  4062 | D:3      | Reached XP level 6. HP: 49/51 MP: 9/9
  4083 | D:3      | Found a bloodstained altar of Trog.
  4107 | D:3      | Noticed Natasha
  4325 | D:3      | Killed Natasha
  4406 | D:3      | Noticed Natasha
  4415 | D:3      | Killed Natasha
  5385 | D:4      | Reached skill level 1 in Throwing
  5461 | D:4      | Found Ovvacesy's Assorted Antiques.
  5465 | D:4      | Bought a scroll labeled URGHI AHADE for 29 gold pieces
  5465 | D:4      | Bought a potion of heal wounds for 145 gold pieces
  5505 | D:4      | Found Buzydy's Antique Armour Shoppe.
  5862 | D:4      | Found Kiqoneikh's Food Shop.
  5869 | D:4      | Bought a beef jerky for 15 gold pieces
  6249 | D:5      | Entered Level 5 of the Dungeon
  6249 | D:5      | Noticed Pikel
  6249 | D:5      | Noticed a slave
  6249 | D:5      | Noticed a slave
  6249 | D:5      | Noticed a slave
  6249 | D:5      | Noticed a slave
  6317 | D:5      | Reached XP level 7. HP: 57/57 MP: 10/10
  6366 | D:5      | Learned a level 3 spell: Confuse
  6370 | D:5      | Learned a level 3 spell: Tukima's Dance
  6618 | D:5      | Noticed Prince Ribbit
  6626 | D:4      | Killed Prince Ribbit
  6626 | D:4      | Reached skill level 5 in Short Blades
  6626 | D:4      | Reached skill level 7 in Stealth
  7681 | D:5      | Reached skill level 5 in Hexes
  7688 | D:5      | Noticed Eustachio
  7695 | D:5      | Killed Eustachio
  7695 | D:5      | Reached XP level 8. HP: 64/64 MP: 2/11
  8467 | D:4      | Reached skill level 8 in Stealth
  8532 | D:5      | Noticed Crazy Yiuf
  8687 | D:4      | Killed Crazy Yiuf
  8923 | D:5      | Found a sacrificial altar of Ru.
 10317 | D:6      | Found a staircase to the Ecumenical Temple.
 10365 | D:6      | Reached skill level 9 in Stealth
 10802 | D:6      | Reached skill level 1 in Shields
 10802 | D:6      | Reached XP level 9. HP: 21/70 MP: 4/12
 11458 | Temple   | Entered the Ecumenical Temple
 11561 | Temple   | Became a worshipper of Makhleb the Destroyer
 11649 | D:7      | Found a shattered altar of Ashenzari.
 11713 | D:7      | Found an iron altar of Okawaru.
 12001 | D:7      | HP: 3/70 [cloud of flame (18)]
 12002 | D:7      | Engulfed by a cloud of flame

Vault maps used:
D:1:      dpeg_arrival_simpleton_b
D:2:      kennysheep_goblin_castle, item_on_display_a
D:3:      trog_book, uniq_natasha
D:4:      serial_shops, nicolae_shop_competitors_out_of_business, shop,
          kennysheep_mini
D:5:      lemuel_round_altar, first_bread, uniq_pikel, uniq_crazy_yiuf_cottage,
          uniq_eustachio, uniq_prince_ribbit1
D:6:      minmay_temple_entry_junction
D:7:      okawaru_ov_weapons_minmay, the_bakery, cheibrodos_ashenzari_chains
Temple:   zaba_magenta_temple_12

Skill      XL: |  1  2  3  4  5  6  7  8  9 |
---------------+----------------------------+-----
Stealth        | 5 6 7 9 |  9.7
Fighting       | 1 |  1.2
Short Blades   | 2 3 5 7 |  7.5
Ice Magic      | 2 |  2.2
Hexes          | 4 5 6 |  6.5
Throwing       | 1 |  1.0
Shields        | 1 2 |  2.6
Dodging        | |  1.9
Spellcasting   | |  2.2

Action                   |  1- 3 |  4- 6 |  7- 9 || total
-------------------------+-------+-------+-------++-------
Melee: Dagger            |   140 |   331 |   344 ||   815
Throw: Stone             |       |    30 |       ||    30
       Javelin           |       |     4 |    19 ||    23
 Cast: Corona            |    20 |     4 |     1 ||    25
       Ensorcelled Hiber |     4 |    37 |    77 ||   118
       Tukima's Dance    |       |       |    12 ||    12
       Confuse           |       |       |     1 ||     1
 Abil: Spit Poison       |    10 |    57 |    38 ||   105
  Use: Scroll            |     3 |    14 |     5 ||    22
       Potion            |     1 |     3 |     5 ||     9
 Stab: Sleeping          |     2 |    35 |    45 ||    82
       Distracted        |       |       |     2 ||     2
  Eat: Chunk             |     5 |    14 |    16 ||    35
       Beef jerky        |       |     2 |     2 ||     4
       Bread ration      |       |       |     1 ||     1
Armor: Robe              |    37 |   124 |   113 ||   274
Dodge: Dodged            |    62 |   141 |   116 ||   319
Block: Shield            |       |       |    44 ||    44
